% Time on Ice - NORTH DAKOTA HAWKS
Lines # - Real PCT - Wanted PCT - Time Play
Normal Forward
1 - 26% - 28% - 12:35
2 - 27% - 28% - 13:09
3 - 24% - 24% - 11:44
4 - 23% - 20% - 10:58
Normal Defense
1 - 38% - 35% - 18:14
2 - 32% - 35% - 15:44
3 - 22% - 18% - 10:27
4 - 8% - 12% - 4:01
PP Forward
1 - 61% - 50% - 2:52
2 - 39% - 50% - 1:51
PP Defense
1 - 51% - 50% - 2:25
2 - 49% - 50% - 2:18
PK Forward
1 - 56% - 50% - 3:19
2 - 44% - 50% - 2:38
PK Defense
1 - 50% - 50% - 2:57
2 - 50% - 50% - 3:00
PK3 Forward
1 - 0% - 50%
2 - 0% - 50%
PK3 Defense
1 - 0% - 50%
2 - 0% - 50%
44 Forward
1 - 0% - 50%
2 - 0% - 50%
44 Defense
1 - 0% - 50%
2 - 0% - 50%
Last Minute Offensive  - 0:54
Last Minute Defensive  - 0:00
Total
Forward - 60:00
Defense - 60:00
% Time on Ice - LOS ANGELES SEALS
Lines # - Real PCT - Wanted PCT - Time Play
Normal Forward
1 - 32% - 36% - 15:23
2 - 29% - 31% - 14:04
3 - 25% - 23% - 11:58
4 - 15% - 10% - 7:25
Normal Defense
1 - 33% - 36% - 15:55
2 - 32% - 31% - 15:46
3 - 33% - 23% - 16:17
4 - 2% - 10% - 0:52
PP Forward
1 - 40% - 55% - 2:22
2 - 60% - 45% - 3:35
PP Defense
1 - 61% - 55% - 3:38
2 - 39% - 45% - 2:19
PK Forward
1 - 59% - 55% - 2:48
2 - 41% - 45% - 1:55
PK Defense
1 - 49% - 55% - 2:19
2 - 51% - 45% - 2:24
PK3 Forward
1 - 0% - 55%
2 - 0% - 45%
PK3 Defense
1 - 0% - 55%
2 - 0% - 45%
44 Forward
1 - 0% - 55%
2 - 0% - 45%
44 Defense
1 - 0% - 55%
2 - 0% - 45%
Last Minute Offensive  - 0:00
Last Minute Defensive  - 0:30
Total
Forward - 60:00
Defense - 60:00
Play-by-Play 1st period 0:01 of 1st period - Nick Suzuki wins face-off versus Jack Roslovic in neutral zone. 0:18 of 1st period - Shot by Dougie Hamilton. 0:18 of 1st period - Stopped by Carter Hutton with a rebound. 0:24 of 1st period - Shot by Jack Roslovic. 0:24 of 1st period - Shot Misses the Net. 0:26 of 1st period - Shot by Jack Roslovic. 0:26 of 1st period - Goal by Jack Roslovic - NORTH DAKOTA HAWKS : 0 - LOS ANGELES SEALS : 1. 0:27 of 1st period - Nic Dowd wins face-off versus Chris Conner in neutral zone. 0:47 of 1st period - Off-side. 0:48 of 1st period - Brandon Sutter wins face-off versus Zack Smith in neutral zone. 0:53 of 1st period - Shot by Jack Hughes. 0:53 of 1st period - Deflect By Craig Smith. 0:53 of 1st period - Stopped by Carter Hutton without a rebound. 0:54 of 1st period - Cody Eakin wins face-off versus Zack Smith in LOS ANGELES SEALS zone. 1:07 of 1st period - Shot by Ryan Carpenter. 1:07 of 1st period - Shot Misses the Net. 1:09 of 1st period - Shot by Cody Eakin. 1:09 of 1st period - Shot Misses the Net. 1:11 of 1st period - Shot by Dougie Hamilton. 1:11 of 1st period - Shot Misses the Net. 1:13 of 1st period - Shot by Ryan Lindgren. 1:13 of 1st period - Shot Misses the Net. 1:19 of 1st period - Shot by Cody Eakin. 1:19 of 1st period - Shot Blocked by Patrick Maroon. 1:21 of 1st period - Shot by Ryan Lindgren. 1:21 of 1st period - Stopped by Carter Hutton without a rebound. 1:22 of 1st period - Brandon Sutter wins face-off versus Kevin Rooney in LOS ANGELES SEALS zone. 2:41 of 1st period - Shot by Quinton Hughes. 2:41 of 1st period - Shot Misses the Net. 3:03 of 1st period - Icing by Quinton Hughes. 3:04 of 1st period - Nic Dowd wins face-off versus Chris Conner in NORTH DAKOTA HAWKS zone. 3:14 of 1st period - Dougie Hamilton is hit by Adam Boqvist and loses puck. 3:22 of 1st period - Icing by Shayne Gostisbehere. 3:23 of 1st period - Chris Conner wins face-off versus Luke Kunin in LOS ANGELES SEALS zone. 3:55 of 1st period - Shot by Nick Suzuki. 3:55 of 1st period - Shot Blocked by Adam Boqvist. 3:57 of 1st period - Shot by Ryan Lindgren. 3:57 of 1st period - Goal by Ryan Lindgren - NORTH DAKOTA HAWKS : 1 - LOS ANGELES SEALS : 1. 3:58 of 1st period - Cody Eakin wins face-off versus Zack Smith in neutral zone. 4:01 of 1st period - Shot by Ryan Carpenter. 4:01 of 1st period - Stopped by Carter Hutton without a rebound. 4:02 of 1st period - Cody Eakin wins face-off versus Zack Smith in LOS ANGELES SEALS zone. 4:21 of 1st period - Shot by Patrick Maroon. 4:21 of 1st period - Shot Blocked by Josh Brown. 4:23 of 1st period - Shot by Zack Smith. 4:23 of 1st period - Shot Misses the Net. 4:25 of 1st period - Shot by Zack Smith. 4:25 of 1st period - Stopped by Cameron Talbot with a rebound. 4:27 of 1st period - Shot by Marcus Pettersson. 4:27 of 1st period - Shot Blocked by Marc Staal. 4:37 of 1st period - Shot by Patrick Maroon. 4:37 of 1st period - Shot Misses the Net. 4:58 of 1st period - Icing by Jonathan Ericsson. 4:59 of 1st period - Craig Smith wins face-off versus Jack Roslovic in LOS ANGELES SEALS zone. 9:00 of 1st period - Shot by Craig Smith. 9:00 of 1st period - Stopped by Carter Hutton without a rebound. 9:01 of 1st period - Brandon Sutter wins face-off versus Kevin Rooney in LOS ANGELES SEALS zone. 9:01 of 1st period - Brandon Sutter is hit by Marcus Pettersson. 9:22 of 1st period - Shot by Austin Watson. 9:22 of 1st period - Shot Misses the Net. 9:24 of 1st period - Shot by Kevin Rooney. 9:24 of 1st period - Deflect By Emil Bemstrom. 9:24 of 1st period - Stopped by Cameron Talbot without a rebound. 9:25 of 1st period - Nic Dowd wins face-off versus Jack Roslovic in NORTH DAKOTA HAWKS zone. 9:41 of 1st period - Icing by Jack Roslovic. 9:42 of 1st period - Jack Roslovic wins face-off versus Nick Suzuki in LOS ANGELES SEALS zone. 9:42 of 1st period - Jack Roslovic is hit by Nick Suzuki. 9:49 of 1st period - Minor Penalty to Dougie Hamilton for Interference. 9:50 of 1st period - Ryan Carpenter wins face-off versus Jack Roslovic in NORTH DAKOTA HAWKS zone. 11:34 of 1st period - Shot by Jeff Carter. 11:34 of 1st period - Shot Misses the Net. 11:51 of 1st period - Icing by Marc Staal. 11:52 of 1st period - Luke Kunin wins face-off versus Kevin Rooney in NORTH DAKOTA HAWKS zone. 12:53 of 1st period - Shot by Jack Hughes. 12:53 of 1st period - Shot Blocked by Adam Lowry. 12:55 of 1st period - Shot by Jack Hughes. 12:55 of 1st period - Stopped by Carter Hutton without a rebound. 12:56 of 1st period - Zack Smith wins face-off versus Zack Kassian in LOS ANGELES SEALS zone. 13:07 of 1st period - Shot by Patrick Maroon. 13:07 of 1st period - Goal by Patrick Maroon - NORTH DAKOTA HAWKS : 1 - LOS ANGELES SEALS : 2. 13:08 of 1st period - Brandon Sutter wins face-off versus Jack Roslovic in neutral zone. 13:12 of 1st period - Off-side. 13:13 of 1st period - Brandon Sutter wins face-off versus Zack Smith in neutral zone. 14:06 of 1st period - Shot by Tyler Johnson. 14:06 of 1st period - Stopped by Cameron Talbot without a rebound. 14:07 of 1st period - Jack Roslovic wins face-off versus Nic Dowd in NORTH DAKOTA HAWKS zone. 14:07 of 1st period - Jack Roslovic is hit by Marc Staal. 14:14 of 1st period - Minor Penalty to Josh Brown for Goalie Interference. 14:15 of 1st period - Jack Roslovic wins face-off versus Ryan Carpenter in NORTH DAKOTA HAWKS zone. 14:18 of 1st period - Shot by Tyler Johnson. 14:18 of 1st period - Shot Misses the Net. 14:20 of 1st period - Shot by Marcus Pettersson. 14:20 of 1st period - Shot Blocked by Ryan Lindgren. 14:22 of 1st period - Shot by Ryan Murray. 14:22 of 1st period - Stopped by Cameron Talbot without a rebound. 14:23 of 1st period - Jack Roslovic wins face-off versus Ryan Carpenter in NORTH DAKOTA HAWKS zone. 14:30 of 1st period - Shot by Tyler Johnson. 14:30 of 1st period - Stopped by Cameron Talbot without a rebound. 14:31 of 1st period - Brandon Sutter wins face-off versus Marcus Johansson in NORTH DAKOTA HAWKS zone. 14:42 of 1st period - Shot by Marcus Pettersson. 14:42 of 1st period - Stopped by Cameron Talbot without a rebound. 14:43 of 1st period - Brandon Sutter wins face-off versus Jack Roslovic in NORTH DAKOTA HAWKS zone. 15:08 of 1st period - Shot by Craig Smith. 15:08 of 1st period - Stopped by Carter Hutton with a rebound. 15:10 of 1st period - Shot by Dougie Hamilton. 15:10 of 1st period - Stopped by Carter Hutton without a rebound. 15:11 of 1st period - Ryan Carpenter wins face-off versus Patrick Maroon in LOS ANGELES SEALS zone. 15:46 of 1st period - Shot by Patrick Maroon. 15:46 of 1st period - Stopped by Cameron Talbot without a rebound. 15:47 of 1st period - Jack Roslovic wins face-off versus Ryan Carpenter in NORTH DAKOTA HAWKS zone. 16:44 of 1st period - Kevin Rooney is hit by Josh Brown and loses puck. 18:12 of 1st period - Icing by Jack Roslovic. 18:13 of 1st period - Jack Roslovic wins face-off versus Cody Eakin in LOS ANGELES SEALS zone. 19:13 of 1st period - Shot by Jack Hughes. 19:13 of 1st period - Shot Misses the Net. 19:20 of 1st period - Jack Hughes is hit by Marcus Pettersson and loses puck. 19:42 of 1st period - Minor Penalty to Ryan Murray for Roughing. 19:43 of 1st period - Nick Suzuki wins face-off versus Patrick Maroon in LOS ANGELES SEALS zone. Goals for this period are 1 for NORTH DAKOTA HAWKS vs 2 for LOS ANGELES SEALS. Shots for this period are 9 for NORTH DAKOTA HAWKS vs 9 for LOS ANGELES SEALS. 2nd period 0:01 of 2nd period - Ryan Carpenter wins face-off versus Tyler Johnson in neutral zone. 0:06 of 2nd period - Shot by Craig Smith. 0:06 of 2nd period - Shot Misses the Net. 0:16 of 2nd period - Shot by Frank Vatrano. 0:16 of 2nd period - Stopped by Carter Hutton without a rebound. 0:17 of 2nd period - Tyler Johnson wins face-off versus Nick Suzuki in LOS ANGELES SEALS zone. 0:28 of 2nd period - Zack Smith is hit by Luke Kunin and loses puck. 2:22 of 2nd period - Icing by Ryan Lindgren. 2:23 of 2nd period - Cody Eakin wins face-off versus Jack Roslovic in NORTH DAKOTA HAWKS zone. 2:40 of 2nd period - Shot by Jack Roslovic. 2:40 of 2nd pe